 Dungeon Crawl Stone Soup version 0.26-a0-812-g31a745ddcd (webtiles) character file.

Game seed: 7245237603581144319

49 dmks the Sneak (level 3, 0/21 HPs)
             Began as an Octopode Hedge Wizard on Nov 14, 2020.
             Slain by an adder (3 damage)
             ... on level 3 of the Dungeon.
             The game lasted 00:07:05 (2580 turns).

dmks the Sneak (Octopode Hedge Wizard)              Turns: 2580, Time: 00:07:06

Health: 0/21       AC:  1    Str:  9    XL:     3   Next: 77%
Magic:  1/7        EV: 13    Int: 17    God:
Gold:   52         SH:  0    Dex: 11    Spells: 2/8 levels left

rFire    + . .     SeeInvis .   j - staff of fire
rCold    . . .     Faith    .   (no shield)
rNeg     . . .     Spirit   .   b - +0 hat
rPois    .         Reflect  .   (no amulet)
rElec    .         Harm     .   (no ring)
rCorr    .         Rampage  .   (no ring)
MR       .....                  (no ring)
Stlth    +++.......             (no ring)
HPRegen  0.07/turn              (no ring)
MPRegen  0.10/turn              (no ring)
                                (no ring)
                                (no ring)

@: lethally poisoned (0 -> -2)
A: almost no armour, stealthy swim, amphibious, 8 rings, constrict 8, camouflage
1, gelatinous body 1
a: no special abilities


You were on level 3 of the Dungeon.
You visited 1 branch of the dungeon, and saw 3 of its levels.

You collected 52 gold pieces.

Inventory:

Hand Weapons
 a - a +0 dagger
Armour
 b - a +0 hat (worn)
Magical Staves
 j - an uncursed staff of fire (weapon)
   (You found it on level 3 of the Dungeon)
Scrolls
 d - 2 scrolls of remove curse {unknown}
 e - a scroll of fog {unknown}
 f - a scroll of fear {unknown}
 g - a scroll of amnesia {unknown}
Potions
 c - a potion of mutation {unknown}
 h - a potion of curing {unknown}
 i - a potion of flight {unknown}


   Skills:
 + Level 2.5 Dodging
 + Level 3.6 Stealth
 + Level 3.3 Spellcasting
 + Level 1.9 Conjurations
 - Level 1.0 Summonings
   Level 1.0 Translocations


You had 2 spell levels left.
You knew the following spells:

 Your Spells              Type           Power        Failure   Level
a - Magic Dart            Conj           #...         8%          1
d - Conjure Flame         Conj/Fire      #.......     32%         3
x - Call Imp              Summ           #.......     17%         2

Your spell library contained the following spells:

 Spells                   Type           Power        Failure   Level
 Blink                    Tloc           N/A          17%         2
 Slow                     Hex            #.......     26%         2
 Mephitic Cloud           Conj/Pois/Air  #.......     36%         3


Dungeon Overview and Level Annotations

Branches:
Dungeon (3/15)

Altars:
Fedhas


Innate Abilities, Weirdness & Mutations

You cannot wear most types of armour.
You are very stealthy in the water. (Stealth+)
You are amphibious.
You can wear up to eight rings at the same time.
You can use your tentacles to constrict eight enemies at once.
Your skin changes colour to match your surroundings (Stealth+).
Your rubbery body absorbs attacks. (AC +1, EV +1)


Message History

You miss the bat. You grab the bat. You constrict the bat.
The bat barely misses you. The bat closely misses you. The bat hits you.
You barely miss the bat. You constrict the bat. The bat barely misses you.
The bat misses you.
You barely miss the bat. You constrict the bat.
You kill the bat!
You hit the rat.
You kill the rat!
You see here a bat corpse.
Really walk into that cloud of flame? [Y]es or [N]o only, please.
Really walk into that cloud of flame?
Okay, then.
You start resting.
Found a quarterstaff.
Found a stone staircase leading down.
A giant cockroach comes into view.
Found 13 gold pieces.
A frilled lizard comes into view.
An adder comes into view.
Aim: a frilled lizard The magic dart hits the frilled lizard.
You kill the frilled lizard!
A hobgoblin comes into view. It is wielding a +0 club.
Aim: an adder (asleep)
The magic dart hits the adder but does no damage.
The adder barely misses you. The adder bites you. The adder bites you.
You don't know that spell.
The spell is potentially lethal to cast (32% risk of failure)!
Continue anyway?
You feel a surge of power!
The fire begins to smolder!
The adder closely misses you. The adder closely misses you.
The adder smothers the flame.
The spell is potentially lethal to cast (32% risk of failure)!
Continue anyway?
You feel a surge of power!
The fire begins to smolder!
The adder misses you. The adder bites you.
The adder smothers the flame.
You barely miss the adder. Your grab misses the adder. The adder bites you.
You are poisoned.
The adder poisons you! The adder barely misses you.
Unknown command.
You feel sick. The adder bites you.
* * * LOW HITPOINT WARNING * * *
You feel sick. The adder bites you but does no damage.
You feel sick. The adder bites you.
You die...

... #...###.#
.....###..###.#
..........##.#
.......>...#.#
...###.###.#.##
.. #.. #.#..#
B..# #.†..#
.### ####S# .
###@####
#......#
#.....)#
#.<....#
#......#
########


You could see an adder.

Vanquished Creatures
  2 adders (D:2)
  An ooze (D:2)
  A worm (D:2)
  A leopard gecko (D:1)
  3 giant cockroaches
  A goblin (D:1)
  A hobgoblin (D:1)
  A jackal (D:2)
  4 bats
  2 frilled lizards
  2 kobolds
  4 rats
23 creatures vanquished.

Vanquished Creatures (collateral kills)
  An adder (D:2)
  A worm (D:2)
  A dart slug (D:2)
  A jackal (D:2)
4 creatures vanquished.

Grand Total: 27 creatures vanquished

Notes
Turn   | Place    | Note
-------+----------+-------------------------------------------
     0 | D:1      | dmks the Octopode Hedge Wizard began the quest for the Orb.
     0 | D:1      | Reached XP level 1. HP: 11/11 MP: 4/4
   240 | D:1      | Reached XP level 2. HP: 12/17 MP: 0/6
   339 | D:1      | You fall into a shaft and drop 1 floor!
   341 | D:2      | Found a blossoming altar of Fedhas.
   386 | D:2      | Learned a level 2 spell: Call Imp
  1243 | D:2      | Reached XP level 3. HP: 17/21 MP: 0/7
  2267 | D:3      | Learned a level 3 spell: Conjure Flame
  2580 | D:3      | Slain by an adder

Illustrated notes

Levels and vault maps discovered:
D:1:      sevenhm_arrival_forest_fort_large_2, layout_basic
D:2:      layout_loops_ring, nicolae_overflow_crystal_walls,
          minmay_stone_trees_medium, minmay_misc_feat_diagonals
D:3:      layout_rooms, marbit_many_paths, hex_intersection,
          minmay_goblin_outpost

Skill      XL: |  1 |
---------------+----+-----
Stealth        | 3 |  3.6
Dodging        | |  2.5
Spellcasting   | |  3.3
Conjurations   | |  1.9
Summonings     | |  1.0
Translocations | |  1.0

Action                   || total
-------------------------++-------
Melee: Dagger            ||    19
       Constrict         ||     8
       Tentacles         ||     5
       Staff             ||     5
 Cast: Magic Dart        ||    63
       Call Imp          ||     7
       Conjure Flame     ||     4
 Stab: Distracted        ||     1
Armor: Skin              ||     4
Dodge: Dodged            ||    32

Table legend: (Time is in decaauts)
 A = Elapsed time spent in this place.
 B = Non-inter-level travel time spent in this place.
 C = Inter-level travel time spent in this place.
 D = Time resting spent in this place.
 E = Time spent auto-exploring this place.
 F = Levels seen in this place.
 G = Mean time per level.
                   A        B        C        D        E       F      G
               +--------+--------+--------+--------+--------+-----+--------+
         Total |   2580 |   2580 |      0 |   1437 |    841 |   3 |  860.0 |
       Dungeon |   2580 |   2580 |      0 |   1437 |    841 |   3 |  860.0 |
               +--------+--------+--------+--------+--------+-----+--------+

Top non-repeatable levels by time:
     D:2: 1675 daAuts
     D:3: 565 daAuts
     D:1: 339 daAuts
